[Event "ICC tourney 2545 (5 3)"]
[Site "Internet Chess Club"]
[Date "2021.04.11"]
[Round "1"]
[White "TheOrcaPro"]
[Black "romasru"]
[Result "1-0"]
[ICCResult "Black resigns"]
[WhiteElo "1540"]
[BlackElo "1231"]
[Opening "Scandinavian: Pytel-Wade variation"]
[ECO "B01"]
[NIC "SD.02"]
[Time "14:05:32"]
[TimeControl "300+3"]

1. e4 d5 2. exd5 Qxd5 3. Nc3 Qd6 4. d4 Nf6 5. Bd3 Nc6 6. Nge2 Bg4 7. f3 Bh5
8. Bf4 Qb4 9. Bxc7 e6 10. Rb1 Nd5 11. Bg3 O-O-O 12. O-O Nxc3 13. bxc3 Qa5
14. Bc4 Be7 15. Qd3 Bg6 16. Qd2 Bf6 17. Rfd1 Qh5 18. Nf4 Qh6 19. Nxg6 Qxd2
20. Rxd2 hxg6 21. d5 Na5 22. Bb3 Nxb3 23. Rxb3 exd5 24. Rb5 d4 25. cxd4 Rxd4
26. Rxd4 Bxd4+ 27. Bf2 Bxf2+ 28. Kxf2 Rxh2 29. Kg3 Rh5 30. Rb4 b6 31. Rf4 f6
32. Rg4 g5 33. Ra4 Kb7 34. Kg4 Rh2 35. Kg3 Rh1 36. Re4 g6 37. Re6 Rc1 38.
Rxf6 Rxc2 39. Rxg6 Rxa2 40. Rxg5 Rb2 41. f4 a5 42. f5 a4 43. f6 Rc2 44. f7
Rc8 45. Rg8 a3 46. Rxc8 Kxc8 47. f8=Q+ Kb7 48. Qxa3 {Black resigns} 1-0

[Event "ICC tourney 2545 (5 3)"]
[Site "Internet Chess Club"]
[Date "2021.04.11"]
[Round "1"]
[White "yitongjianghu"]
[Black "siddhu"]
[Result "0-1"]
[ICCResult "White checkmated"]
[WhiteElo "1394"]
[BlackElo "1778"]
[Opening "Queen's bishop game"]
[ECO "D02"]
[NIC "QP.09"]
[Time "14:06:02"]
[TimeControl "300+3"]

1. Nf3 d5 2. d4 Nf6 3. Bf4 Bg4 4. c4 c6 5. e3 e6 6. Nc3 Bb4 7. h3 Bxf3 8.
Qxf3 Bxc3+ 9. bxc3 Qa5 10. Rc1 Qxa2 11. cxd5 exd5 12. Bd3 O-O 13. O-O Nbd7
14. c4 Qa3 15. c5 Qxd3 16. Rfd1 Qe4 17. Qe2 h6 18. Rb1 b6 19. cxb6 axb6 20.
Rdc1 c5 21. dxc5 bxc5 22. f3 Qe6 23. Qf2 Rfe8 24. Rb2 g5 25. Bh2 Qxe3 26.
Qxe3 Rxe3 27. Rb7 Re2 28. Bd6 c4 29. Rb5 Raa2 30. g4 Rg2+ 31. Kh1 Rge2 32.
Bg3 Ne5 33. Bxe5 Rxe5 34. Rb8+ Kg7 35. Rb5 Ree2 36. Rbb1 h5 37. Re1 hxg4 38.
hxg4 c3 39. Rxe2 Rxe2 40. Rc1 c2 41. Kg1 d4 42. Kf1 d3 43. f4 Nxg4 44. fxg5
Ne3+ 45. Kg1 d2 46. Rxc2 d1=Q# {White checkmated} 0-1

[Event "ICC tourney 2545 (5 3)"]
[Site "Internet Chess Club"]
[Date "2021.04.11"]
[Round "1"]
[White "luckylol3"]
[Black "Morad-Magdy"]
[Result "0-1"]
[ICCResult "White resigns"]
[WhiteElo "1457"]
[BlackElo "1967"]
[Opening "Sicilian: Smith-Morra gambit"]
[ECO "B21"]
[NIC "SI.48"]
[Time "14:04:43"]
[TimeControl "300+3"]

1. e4 c5 2. d4 cxd4 3. c3 d3 4. Bxd3 Nc6 5. Nf3 d6 6. Be3 Nf6 7. h3 g6 8.
O-O Bg7 9. Nbd2 O-O 10. Re1 a6 11. Nb3 b5 12. Nbd4 Bb7 13. Bg5 Rc8 14. Rc1
Na5 15. b3 Qb6 16. Qd2 Rfd8 17. Kh1 Nc6 18. Bh6 Bh8 19. Bg5 Ne5 20. Nxe5
dxe5 21. Nf3 Bxe4 22. Re3 Bxd3 23. Rxd3 Ne4 24. Rxd8+ Rxd8 25. Qe3 Nxf2+ 26.
Kg1 Qxe3 27. Bxe3 Nd3 28. Rd1 e4 29. Ng5 Bxc3 30. Nxe4 Ba5 31. Bd2 Nb2 32.
Rb1 Bxd2 33. Rxb2 Be3+ 34. Kh2 f5 35. Nc3 Bd4 36. Rc2 Rc8 {White resigns}
0-1

[Event "ICC tourney 2545 (5 3)"]
[Site "Internet Chess Club"]
[Date "2021.04.11"]
[Round "1"]
[White "iamkenoh"]
[Black "HobbyChess"]
[Result "0-1"]
[ICCResult "White checkmated"]
[WhiteElo "1501"]
[BlackElo "2101"]
[Opening "Sicilian defense"]
[ECO "B30"]
[NIC "SI.31"]
[Time "14:06:02"]
[TimeControl "300+3"]

1. e4 c5 2. Nf3 Nc6 3. c3 Nf6 4. e5 Nd5 5. Be2 d6 6. d4 cxd4 7. cxd4 g6 8.
O-O Bg7 9. exd6 Qxd6 10. Nc3 Nxc3 11. bxc3 O-O 12. Rb1 b6 13. Qb3 Bb7 14.
Ba3 Qc7 15. Rfe1 Rfe8 16. Bb5 e6 17. Bc4 Na5 18. Qb2 Nxc4 19. Qb4 Bf8 20.
Qb5 Nxa3 21. Qxe8 Rxe8 22. Rb3 Nc4 23. h3 Bd5 24. Rbb1 Rc8 25. a4 Be7 26.
Rb5 Qd6 27. Reb1 Bd8 28. R1b4 Bc7 29. Ne5 Nxe5 30. dxe5 Qxe5 31. f4 Qe1+ 32.
Kh2 g5 33. g3 Bd6 34. Rxd5 exd5 35. Rd4 Rxc3 36. Rxd5 Qf2+ 37. Kh1 Rc1+ 38.
Rd1 Rxd1# {White checkmated} 0-1

[Event "ICC tourney 2545 (5 3)"]
[Site "Internet Chess Club"]
[Date "2021.04.11"]
[Round "1"]
[White "Zapateado"]
[Black "rj1234"]
[Result "0-1"]
[ICCResult "White checkmated"]
[WhiteElo "1835"]
[BlackElo "1680"]
[Opening "English: Bremen, Smyslov system"]
[ECO "A22"]
[NIC "EO.10"]
[Time "14:05:22"]
[TimeControl "300+3"]

1. c4 e5 2. Nc3 Nf6 3. g3 Bb4 4. e4 d6 5. Nge2 Bg4 6. Bg2 Bc5 7. O-O Nc6 8.
d3 h5 9. h3 h4 10. hxg4 Nxg4 11. Bh3 Nxf2 12. Rxf2 hxg3 13. Nxg3 Rxh3 14.
Nf5 Bxf2+ 15. Kxf2 g6 16. Qg4 Rh2+ 17. Kg1 gxf5 18. Qg8+ Kd7 19. Qxd8+ Rxd8
20. Kxh2 Rh8+ 21. Kg2 Rg8+ 22. Kf2 f4 23. Nd5 Rh8 24. Kg2 Nd4 25. Bd2 Rg8+
26. Kf2 Rh8 27. Kg2 c6 28. Nf6+ Ke6 29. Ng4 f5 30. Nf2 f3+ 31. Kf1 Rh2 32.
b3 Ne2 33. exf5+ Kxf5 34. Bc1 Ng3+ 35. Ke1 Nh1 36. Nxh1 Rxh1+ 37. Kf2 Kg4
38. Bb2 Rh2+ 39. Ke3 Re2# {White checkmated} 0-1

[Event "ICC tourney 2545 (5 3)"]
[Site "Internet Chess Club"]
[Date "2021.04.11"]
[Round "1"]
[White "checkninja"]
[Black "chabotheking"]
[Result "0-1"]
[ICCResult "White resigns"]
[WhiteElo "1660"]
[BlackElo "2576"]
[Opening "French: Tarrasch, open variation"]
[ECO "C07"]
[NIC "FR.19"]
[Time "14:04:28"]
[TimeControl "300+3"]

1. e4 e6 2. d4 d5 3. Nd2 c5 4. exd5 Qxd5 5. dxc5 Nf6 6. Ngf3 Qxc5 7. Bd3
Nbd7 8. O-O Qc7 9. c3 Nc5 10. Bc2 Be7 11. Nb3 b6 12. Nxc5 bxc5 13. Ba4+ Bd7
14. Bxd7+ Nxd7 15. Be3 O-O 16. Qc2 Nb6 17. c4 Bf6 18. Rad1 Rfd8 19. b3 h6
20. Bd2 Bd4 21. Nxd4 cxd4 22. Qd3 a5 23. Rc1 e5 24. Rfe1 Nd7 25. c5 Nxc5 26.
Qb5 Rdc8 27. Rc4 Rab8 28. Qxa5 Qxa5 29. Bxa5 Nd3 30. Rec1 Nxc1 {White
resigns} 0-1

[Event "ICC tourney 2545 (5 3)"]
[Site "Internet Chess Club"]
[Date "2021.04.11"]
[Round "1"]
[White "hansup"]
[Black "tistime"]
[Result "1-0"]
[ICCResult "Black checkmated"]
[WhiteElo "1576"]
[BlackElo "1284"]
[Opening "Queen's pawn game"]
[ECO "A45"]
[NIC "QP.07"]
[Time "14:06:02"]
[TimeControl "300+3"]

1. d4 Nf6 2. Nc3 e6 3. Bf4 d5 4. a3 Nc6 5. Nb5 Bd6 6. Nxd6+ cxd6 7. Nf3 O-O
8. e3 Re8 9. Be2 e5 10. Bg5 h6 11. Bxf6 Qxf6 12. O-O Bg4 13. h3 Bh5 14. dxe5
Nxe5 15. Qxd5 Nxf3+ 16. Bxf3 Bxf3 17. Qxf3 Qxb2 18. Rab1 Qxa3 19. Rxb7 Qa2
20. Rd1 Rab8 21. Rdb1 Rxb7 22. Rxb7 a5 23. Qc6 Rf8 24. Qxd6 Qxc2 25. Ra7 a4
26. Qa6 Rc8 27. Qxa4 Qb1+ 28. Kh2 Rc1 29. Qe8+ Kh7 30. Qxf7 Rh1+ 31. Kg3
Qb8+ 32. f4 Qb2 33. Qf5+ Kg8 34. Ra8+ Qb8 35. Rxb8# {Black checkmated} 1-0

[Event "ICC tourney 2545 (5 3)"]
[Site "Internet Chess Club"]
[Date "2021.04.11"]
[Round "1"]
[White "ncc-1701"]
[Black "tango"]
[Result "1-0"]
[ICCResult "Black checkmated"]
[WhiteElo "1803"]
[BlackElo "1402"]
[Opening "Polish (Sokolsky) opening"]
[ECO "A00"]
[NIC "VO.10"]
[Time "14:06:22"]
[TimeControl "300+3"]

1. b4 a6 2. Bb2 Ra7 3. e3 b6 4. Nf3 Nc6 5. a3 Bb7 6. Bc4 d5 7. Bb3 Nb8 8.
O-O Qd7 9. c4 a5 10. Nc3 axb4 11. axb4 e6 12. Rxa7 Qc8 13. cxd5 exd5 14.
Nxd5 Bxd5 15. Bxd5 Bxb4 16. Qb3 Ne7 17. Bxg7 Rg8 18. Bxf7+ Kd7 19. Be6+ Kd8
20. Bxc8 Kxc8 21. Rc1 Rxg7 22. Rcxc7+ Kd8 23. Qxb4 Rf7 24. Qd6+ Ke8 25.
Rxe7+ Rxe7 26. Qxe7# {Black checkmated} 1-0

[Event "ICC tourney 2545 (5 3)"]
[Site "Internet Chess Club"]
[Date "2021.04.11"]
[Round "1"]
[White "sceptic"]
[Black "ybabji"]
[Result "1-0"]
[ICCResult "Black checkmated"]
[WhiteElo "1503"]
[BlackElo "1219"]
[Opening "Philidor: exchange variation"]
[ECO "C41"]
[NIC "KP.08"]
[Time "14:05:10"]
[TimeControl "300+3"]

1. e4 e5 2. Nf3 d6 3. d4 exd4 4. Qxd4 Nf6 5. Nc3 Nc6 6. Bb5 Bd7 7. Bxc6 Bxc6
8. Bg5 Be7 9. O-O h6 10. Bf4 O-O 11. Rad1 Qd7 12. Rfe1 Rad8 13. Nd5 Bxd5 14.
exd5 a6 15. c4 Rfe8 16. Qd2 Nh7 17. Nd4 Bf6 18. Qd3 Bxd4 19. Qxd4 Qg4 20. h3
Qg6 21. Bg3 Nf6 22. Bh4 Kf8 23. Bxf6 Qxf6 24. Qxf6 gxf6 25. Kf1 Re5 26. f4
Re7 27. Rxe7 Kxe7 28. Re1+ Kd7 29. Kf2 Rg8 30. Kf3 f5 31. b4 h5 32. Re2 h4
33. Ke3 Rg3+ 34. Kd4 c6 35. c5 cxd5 36. Kxd5 dxc5 37. bxc5 f6 38. Rb2 Kc7
39. Ke6 Rc3 40. Kxf5 Rxc5+ 41. Kxf6 Rc3 42. f5 Rc4 43. Kg7 Rc6 44. f6 Re6
45. f7 Re7 46. Kg8 Rxf7 47. Kxf7 b5 48. Kf6 Kb6 49. Kg5 a5 50. Kxh4 b4 51.
Kg4 Kb5 52. Kf4 a4 53. Ke4 a3 54. Rb3 Kc4 55. g4 Kc5 56. Ke5 Kc4 57. g5 Kc5
58. g6 Kc4 59. g7 Kc5 60. g8=Q Kb5 61. Qb8+ Kc5 62. Qxb4+ Kc6 63. Rc3+ Kd7
64. Qd4+ Ke7 65. Rc7+ Kf8 66. Qd8# {Black checkmated} 1-0

[Event "ICC tourney 2545 (5 3)"]
[Site "Internet Chess Club"]
[Date "2021.04.11"]
[Round "1"]
[White "Visam"]
[Black "blitzaaja"]
[Result "1-0"]
[ICCResult "Black resigns"]
[WhiteElo "2586"]
[BlackElo "1663"]
[Opening "Réti opening"]
[ECO "A04"]
[NIC "QP.11"]
[Time "14:05:14"]
[TimeControl "300+3"]

1. Nf3 g6 2. g3 Bg7 3. d4 Nf6 4. Bg2 O-O 5. O-O d6 6. b3 c5 7. Bb2 cxd4 8.
Nxd4 a6 9. c4 Qa5 10. Nc3 Qh5 11. e4 Qxd1 12. Raxd1 Nfd7 13. Nd5 e6 14. Ne7+
Kh8 15. Ba3 Nc5 16. Ne2 Re8 17. Rxd6 Ncd7 18. Nxc8 Rxc8 19. Rd2 Bf8 20. Bxf8
Rxf8 21. Rfd1 Nf6 22. e5 Ng4 23. Bxb7 Ra7 24. Rd8 Kg7 25. Rxf8 Kxf8 26. Rd8+
Kg7 27. Rxb8 Nxe5 28. Bg2 a5 29. Rd8 a4 30. Rd1 axb3 31. axb3 Ra2 32. Nd4
Ng4 33. Rf1 Rd2 34. Nc6 f5 35. b4 e5 36. h3 Nf6 37. Nxe5 Rb2 38. b5 g5 39.
Rc1 f4 40. gxf4 gxf4 41. Nd3 Rd2 42. Nxf4 h5 43. b6 h4 44. b7 Nd7 45. c5 Kf6
46. c6 Nb8 47. c7 Na6 48. c8=Q {Black resigns} 1-0

[Event "ICC tourney 2545 (5 3)"]
[Site "Internet Chess Club"]
[Date "2021.04.11"]
[Round "1"]
[White "babysnake"]
[Black "e4f5"]
[Result "0-1"]
[ICCResult "White resigns"]
[WhiteElo "2363"]
[BlackElo "1856"]
[Opening "King's Indian: fianchetto, Uhlmann (Szabo) variation"]
[ECO "E62"]
[NIC "KI.72"]
[Time "14:06:02"]
[TimeControl "300+3"]

1. d4 Nf6 2. Nf3 g6 3. c4 Bg7 4. g3 O-O 5. Bg2 d6 6. O-O Nc6 7. Nc3 e5 8.
dxe5 dxe5 9. Qxd8 Rxd8 10. Bg5 Be6 11. Nd2 Nd4 12. Rfd1 h6 13. Bxf6 Bxf6 14.
Nde4 Be7 15. e3 Nc2 16. Rxd8+ Rxd8 17. Rc1 Nb4 18. Nd5 Nxd5 19. cxd5 Rxd5
20. Bf1 Rd7 21. b3 c6 22. h4 f5 23. Nc3 Rd2 24. h5 gxh5 25. Bh3 Kf7 26. Kf1
Ba3 27. Rb1 Bb4 {White resigns} 0-1

[Event "ICC tourney 2545 (5 3)"]
[Site "Internet Chess Club"]
[Date "2021.04.11"]
[Round "1"]
[White "siddarth1"]
[Black "oxdidi"]
[Result "1-0"]
[ICCResult "Black resigns"]
[WhiteElo "1442"]
[BlackElo "1104"]
[Opening "Scotch gambit"]
[ECO "C44"]
[NIC "SO.06"]
[Time "14:05:48"]
[TimeControl "300+3"]

1. e4 e5 2. Nf3 Nc6 3. d4 exd4 4. Bc4 Bc5 5. c3 d6 6. cxd4 Bb4+ 7. Bd2 Bxd2+
8. Nbxd2 Nf6 9. O-O Bg4 10. Qb3 O-O 11. h3 Bxf3 12. Nxf3 Nxe4 13. Bd5 Nf6
14. Qxb7 Ne7 15. Qxa8 Qxa8 16. Bxa8 Rxa8 17. Rac1 Rc8 18. Rfe1 Nf5 19. g4
{Black resigns}
1-0

[Event "ICC tourney 2545 (5 3)"]
[Site "Internet Chess Club"]
[Date "2021.04.11"]
[Round "1"]
[White "doogie"]
[Black "Tlaloc"]
[Result "1-0"]
[ICCResult "Black resigns"]
[WhiteElo "1893"]
[BlackElo "2474"]
[Opening "Pirc defense"]
[ECO "B07"]
[NIC "PU.08"]
[Time "14:05:02"]
[TimeControl "300+3"]

1. d4 d6 2. e4 Nf6 3. Bd3 e5 4. d5 Be7 5. c4 O-O 6. Ne2 Nbd7 7. Nbc3 Nc5 8.
Bc2 a5 9. O-O Nh5 10. Be3 Bg5 11. Qd2 Bxe3 12. Qxe3 Bd7 13. f4 exf4 14. Nxf4
Qg5 15. Rae1 Nxf4 16. Qxf4 Qxf4 17. Rxf4 Rae8 18. b3 Re5 19. a3 Rfe8 20. b4
axb4 21. axb4 Na6 22. Rb1 g6 23. h3 h5 24. Rf3 h4 25. Rf4 g5 26. Rf3 Kg7 27.
Bd3 Rf8 28. Bc2 c6 29. dxc6 bxc6 30. Rd3 Re6 31. c5 Rb8 32. Rd4 Kf6 33. Bd3
Ke5 34. Ne2 Nc7 35. Bc4 Rf6 36. Rdd1 Be6 37. Nd4 Bd7 38. Nf3+ Kf4 39. e5 Rg6
40. exd6 Ne6 41. Bxe6 Rxe6 42. Rf1 {Black resigns} 1-0

[Event "ICC tourney 2545 (5 3)"]
[Site "Internet Chess Club"]
[Date "2021.04.11"]
[Round "1"]
[White "skot"]
[Black "Jhonnydee2101"]
[Result "1-0"]
[ICCResult "Black checkmated"]
[WhiteElo "2029"]
[BlackElo "1477"]
[Opening "Sicilian: Canal-Sokolsky attack, Sokolsky variation"]
[ECO "B52"]
[NIC "SI.01"]
[Time "14:06:02"]
[TimeControl "300+3"]

1. e4 c5 2. Nf3 d6 3. Bb5+ Bd7 4. Bxd7+ Qxd7 5. c4 g6 6. Nc3 Bg7 7. d4 cxd4
8. Nxd4 Nc6 9. Be3 Nf6 10. f3 O-O 11. O-O a6 12. Rc1 Rac8 13. Nxc6 Qxc6 14.
b3 Rfe8 15. Qd3 Qc7 16. Rfd1 Red8 17. g3 Qb8 18. Kg2 h5 19. h4 Re8 20. a4
Red8 21. Bb6 Re8 22. a5 Nd7 23. Nd5 Nxb6 24. Nxb6 Rc5 25. b4 Rc6 26. b5 axb5
27. cxb5 Rxc1 28. Rxc1 Qa7 29. Qa3 Bd4 30. Nd5 Bc5 31. Qa4 Ra8 32. Ra1 e6
33. Nf6+ Kg7 34. Nd7 Bd4 35. b6 Qa6 36. Qxd4+ e5 37. Nxe5 dxe5 38. Qxe5+ Kg8
39. Qb2 Kh7 40. Ra2 Qc4 41. Qe2 Qxe2+ 42. Rxe2 Rxa5 43. Rc2 Rb5 44. Rc7 Rxb6
45. Rxf7+ Kg8 46. Rc7 Rb2+ 47. Kh3 b5 48. g4 hxg4+ 49. Kxg4 b4 50. Kg5 Rg2+
51. Kf6 Rg3 52. f4 Rg4 53. e5 Rxf4+ 54. Kxg6 Rxh4 55. Rc8# {Black
checkmated} 1-0

[Event "ICC tourney 2545 (5 3)"]
[Site "Internet Chess Club"]
[Date "2021.04.11"]
[Round "1"]
[White "Python64"]
[Black "LeftHand"]
[Result "1-0"]
[ICCResult "Black checkmated"]
[WhiteElo "1486"]
[BlackElo "1173"]
[Opening "Alekhine's defense: modern variation, 4...Bg4"]
[ECO "B05"]
[NIC "AL.03"]
[Time "14:06:02"]
[TimeControl "300+3"]

1. e4 Nf6 2. e5 Nd5 3. d4 d6 4. Nf3 Bg4 5. Bc4 e6 6. O-O Be7 7. Re1 Nc6 8.
c3 O-O 9. h3 Bxf3 10. Qxf3 dxe5 11. dxe5 Nb6 12. Bd3 Nd5 13. Qe4 g6 14. Nd2
Re8 15. Nf3 Bf8 16. Bg5 Qd7 17. Rad1 Bg7 18. c4 Ndb4 19. Bb1 Qc8 20. Bf6
Bxf6 21. exf6 Rd8 22. Qh4 Rxd1 23. Rxd1 Qf8 24. a3 Na6 25. Bxg6 hxg6 26. Ng5
Qe8 27. Qh7+ Kf8 28. Qg7# {Black checkmated} 1-0

[Event "ICC tourney 2545 (5 3)"]
[Site "Internet Chess Club"]
[Date "2021.04.11"]
[Round "1"]
[White "cocokiu"]
[Black "mhebden"]
[Result "0-1"]
[ICCResult "White checkmated"]
[WhiteElo "1637"]
[BlackElo "2509"]
[Opening "Hungarian defense"]
[ECO "C50"]
[NIC "IG.03"]
[Time "14:05:21"]
[TimeControl "300+3"]

1. e4 e5 2. Nf3 Nc6 3. Bc4 Be7 4. O-O Nf6 5. d3 d6 6. Bg5 Na5 7. Bb3 Nxb3 8.
axb3 h6 9. Bd2 O-O 10. Nc3 c5 11. Nd5 Nxd5 12. exd5 f5 13. Qe2 Bf6 14. c3 b6
15. Ne1 Bb7 16. c4 a5 17. Nc2 Qd7 18. f4 exf4 19. Bxf4 Rae8 20. Qd2 Bxb2 21.
Rab1 Bf6 22. Rfe1 g5 23. Rxe8 Rxe8 24. Bg3 f4 25. Bf2 Bc8 26. Re1 Rxe1+ 27.
Qxe1 Qe7 28. Qd1 Bf5 29. Ne1 Kg7 30. Qb1 Bc3 31. Qc1 Bxe1 32. Bxe1 Bxd3 33.
Bf2 Qe2 34. Qc3+ Kf7 35. Qa1 Bc2 36. g3 f3 37. Qc1 Qd1+ 38. Qxd1 Bxd1 39.
Kf1 Bxb3 40. Ke1 Bxc4 41. Kd2 Bxd5 42. Ke3 b5 43. Be1 b4 44. Kd3 a4 45. Kc2
a3 46. Kb1 b3 47. Bc3 f2 48. Kc1 f1=Q+ 49. Kd2 Be4 50. Ke3 Qd3+ 51. Kf2 Qf3+
52. Ke1 Bd3 53. Kd2 Qe2+ 54. Kc1 Qc2# {White checkmated} 0-1

[Event "ICC tourney 2545 (5 3)"]
[Site "Internet Chess Club"]
[Date "2021.04.11"]
[Round "1"]
[White "kokoudom"]
[Black "Abix4"]
[Result "0-1"]
[ICCResult "White forfeits on time"]
[WhiteElo "1337"]
[BlackElo "1648"]
[Opening "Sicilian defense"]
[ECO "B20"]
[NIC "SI.48"]
[Time "14:05:36"]
[TimeControl "300+3"]

1. e4 c5 2. Bc4 e6 3. Nf3 Nc6 4. O-O Be7 5. d4 cxd4 6. Nxd4 Ne5 7. Bb3 Ng6
8. f4 Bc5 9. Be3 Nf6 10. f5 Ne5 11. Kh1 Nfg4 12. Bg1 Qh4 13. fxe6 dxe6 14.
Nf5 exf5 15. exf5 Bxg1 16. Ba4+ Kf8 17. Qd6+ Kg8 18. h3 h6 19. Rxg1 Nf2+ 20.
Kh2 Nf3+ {White forfeits on time} 0-1

[Event "ICC tourney 2545 (5 3)"]
[Site "Internet Chess Club"]
[Date "2021.04.11"]
[Round "1"]
[White "zwerstil"]
[Black "profudesah"]
[Result "0-1"]
[ICCResult "White checkmated"]
[WhiteElo "1387"]
[BlackElo "1755"]
[Opening "French defense"]
[ECO "C00"]
[NIC "FR.01"]
[Time "14:05:42"]
[TimeControl "300+3"]

1. e4 e6 2. Nf3 d5 3. exd5 exd5 4. d4 c6 5. Nc3 Bd6 6. g3 Ne7 7. Bf4 Bxf4 8.
gxf4 Ng6 9. Qd2 O-O 10. O-O-O Qf6 11. Ne2 Bg4 12. Ng5 Bxe2 13. Qxe2 Qxf4+
14. Kb1 Qxg5 15. h4 Qf6 16. Re1 Nf4 17. Qe8 Na6 18. Qe5 Qxe5 19. dxe5 Nc7
20. Bd3 h5 21. Rhg1 Nce6 22. Be2 g6 23. c4 Nxe2 24. Rxe2 dxc4 25. a3 Rad8
26. Ka2 Rd4 27. Re3 Rxh4 28. b3 Rd8 29. bxc4 Rxc4 30. Re2 Rd3 31. Rb1 b5 32.
Reb2 Re4 33. Rb4 Rxe5 34. a4 a6 35. axb5 axb5 36. f4 Re2+ 37. R1b2 Rxb2+ 38.
Kxb2 Rf3 39. Re4 Rxf4 40. Rxf4 Nxf4 41. Kc3 c5 42. Kd2 h4 43. Ke3 g5 44. Kf2
g4 45. Ke3 Ne6 46. Ke4 g3 47. Kf3 f5 48. Kg2 b4 49. Kf3 f4 50. Kg2 Ng5 51.
Kg1 h3 52. Kf1 f3 53. Kg1 b3 54. Kf1 b2 55. Ke1 Ne4 56. Kd1 c4 57. Kc2 c3
58. Kb3 b1=Q+ 59. Kc4 c2 60. Kd5 c1=Q 61. Ke5 Qg5+ 62. Kd4 Qb4+ 63. Kd3 Qc3+
64. Kxe4 Qge5# {White checkmated} 0-1

[Event "ICC tourney 2545 (5 3)"]
[Site "Internet Chess Club"]
[Date "2021.04.11"]
[Round "1"]
[White "Kyle45"]
[Black "RichTNYC"]
[Result "1-0"]
[ICCResult "Black checkmated"]
[WhiteElo "1493"]
[BlackElo "1207"]
[Opening "Scotch game"]
[ECO "C45"]
[NIC "SO.04"]
[Time "14:05:23"]
[TimeControl "300+3"]

1. e4 e5 2. Nf3 Nc6 3. d4 exd4 4. Nxd4 Nxd4 5. Qxd4 d6 6. Bc4 Qf6 7. Qd3 Be7
8. Nc3 Be6 9. Bxe6 Qxe6 10. Qb5+ Qd7 11. Qxb7 Rc8 12. Qxa7 Nf6 13. O-O O-O
14. Bf4 Nh5 15. Be3 Rb8 16. Rab1 Ra8 17. Qd4 Bf6 18. Qc4 Be5 19. f4 Bf6 20.
Rfd1 Qg4 21. Rf1 Rae8 22. a4 Qd7 23. h3 d5 24. Nxd5 Ng3 25. Rfd1 Rxe4 26.
Nxf6+ gxf6 27. Qxe4 Qc8 28. Qf3 Nf5 29. b4 Re8 30. Rd3 Nh4 31. Qg3+ Ng6 32.
h4 h5 33. Bd4 Qf5 34. Rf1 Kh7 35. a5 Re2 36. c4 Nxh4 37. Qxh4 Qxd3 38. Qxf6
Qg6 39. Qh8# {Black checkmated} 1-0

[Event "ICC tourney 2545 (5 3)"]
[Site "Internet Chess Club"]
[Date "2021.04.11"]
[Round "1"]
[White "ElMathador"]
[Black "TjkTiger"]
[Result "0-1"]
[ICCResult "White resigns"]
[WhiteElo "1577"]
[BlackElo "2329"]
[Opening "King's Indian, 3.Nf3"]
[ECO "E90"]
[NIC "KI.21"]
[Time "14:06:02"]
[TimeControl "300+3"]

1. d4 Nf6 2. c4 g6 3. Nf3 Bg7 4. Nc3 O-O 5. e4 d6 6. e5 dxe5 7. dxe5 Qxd1+
8. Nxd1 Ng4 9. Bf4 Nc6 10. e6 Bxe6 11. c5 Nb4 12. Rb1 Bxa2 13. Rc1 Nd5 14.
Bg3 c6 15. Bd3 Nb4 16. Bc4 Bh6 17. Rc3 Nf6 18. O-O Ne4 19. Rc1 Bxc1 20. Nc3
Nxc3 21. bxc3 Bxc4 22. Rxc1 Nd3 23. Rd1 Rfd8 24. Nd4 Nxc5 25. Bc7 Rd7 26.
Be5 f6 27. Bg3 e5 28. h4 exd4 29. cxd4 Ne6 30. d5 Rxd5 31. Re1 Rad8 32. Rxe6
Rd1+ {White resigns} 0-1

[Event "ICC tourney 2545 (5 3)"]
[Site "Internet Chess Club"]
[Date "2021.04.11"]
[Round "1"]
[White "CoachConor"]
[Black "fedown"]
[Result "0-1"]
[ICCResult "White checkmated"]
[WhiteElo "1049"]
[BlackElo "1430"]
[Opening "Scandinavian (center counter) defense"]
[ECO "B01"]
[NIC "VO.17"]
[Time "14:04:46"]
[TimeControl "300+3"]

1. e4 d5 2. Nc3 dxe4 3. Nxe4 Nf6 4. Bd3 e5 5. Nf3 Nc6 6. b3 Be7 7. Bb2 Bg4
8. Qe2 O-O 9. O-O-O h6 10. h3 Bxf3 11. Qxf3 Re8 12. Rhe1 a5 13. a3 Nd4 14.
Qe3 Nd5 15. Qg3 Nf4 16. Qe3 Nxg2 17. Qg3 Nxe1 18. Rxe1 Bf6 19. Nc5 Qd5 20.
Nxb7 Qxb7 21. Be4 Qb5 22. Bxa8 Rxa8 23. a4 Qc5 24. c4 Rb8 25. Qc3 Rxb3 26.
Qg3 Qxc4+ 27. Kb1 Qc2+ 28. Ka1 Qxb2# {White checkmated} 0-1

[Event "ICC tourney 2545 (5 3)"]
[Site "Internet Chess Club"]
[Date "2021.04.11"]
[Round "1"]
[White "leader102938"]
[Black "Schlomo"]
[Result "0-1"]
[ICCResult "White resigns"]
[WhiteElo "1464"]
[BlackElo "1990"]
[Opening "Queen's bishop game"]
[ECO "D02"]
[NIC "QP.06"]
[Time "14:05:22"]
[TimeControl "300+3"]

1. d4 Nf6 2. Nf3 d5 3. Bf4 c6 4. e3 Qb6 5. Qc1 Bf5 6. c4 e6 7. a3 Nbd7 8.
Nc3 Be7 9. Be2 O-O 10. O-O Rfc8 11. c5 Qd8 12. b4 Ne4 13. h3 g5 14. Bh2 Nxc3
15. Qxc3 Bf6 16. Bd3 Bg6 17. Bxg6 hxg6 18. Rfe1 a5 19. Qd3 b5 20. e4 dxe4
21. Qxe4 Kg7 22. a4 axb4 23. axb5 Rxa1 24. Rxa1 Nxc5 25. dxc5 Bxa1 26. Be5+
Bxe5 27. Qxe5+ Qf6 28. Qxf6+ Kxf6 29. b6 b3 30. Nd2 b2 31. Kf1 Rd8 32. Ne4+
Kg7 33. Nc3 b1=Q+ 34. Nxb1 Rd1+ 35. Ke2 Rxb1 36. Kd3 Kf6 37. Ke4 Rb4+ 38.
Kd3 Ke5 {White resigns} 0-1

[Event "ICC tourney 2545 (5 3)"]
[Site "Internet Chess Club"]
[Date "2021.04.11"]
[Round "1"]
[White "KingSack"]
[Black "pokerram"]
[Result "1-0"]
[ICCResult "Black checkmated"]
[WhiteElo "1459"]
[BlackElo "1157"]
[Opening "Sicilian"]
[ECO "B50"]
[NIC "SI.01"]
[Time "14:04:28"]
[TimeControl "300+3"]

1. e4 c5 2. Nf3 d6 3. c3 Nf6 4. Bb5+ Nbd7 5. Qe2 a6 6. Ba4 e6 7. d4 cxd4 8.
Nxd4 Qc7 9. O-O b5 10. Bc2 Be7 11. Bg5 h6 12. Bh4 Nc5 13. Nd2 e5 14. Nf5
Bxf5 15. exf5 d5 16. Nf3 O-O 17. Qxe5 Bd6 18. Qd4 Nh5 19. Qxd5 Nf4 20. Qd1
Rfe8 21. f6 Ne2+ 22. Kh1 Bxh2 23. Nxh2 g5 24. Re1 Rad8 25. Qb1 gxh4 26. Nf3
Nd3 27. Bxd3 Ng3+ 28. Kg1 Rxe1+ 29. Qxe1 Rxd3 30. Qe8+ Kh7 31. fxg3 Qc5+ 32.
Kh1 Qd5 33. Qf8 Qh5 34. Qg7# {Black checkmated} 1-0

[Event "ICC tourney 2545 (5 3)"]
[Site "Internet Chess Club"]
[Date "2021.04.11"]
[Round "1"]
[White "Champi"]
[Black "drjava"]
[Result "1-0"]
[ICCResult "Black resigns"]
[WhiteElo "2420"]
[BlackElo "1608"]
[Opening "Sicilian defense"]
[ECO "B40"]
[NIC "SI.43"]
[Time "14:04:46"]
[TimeControl "300+3"]

1. e4 c5 2. Nf3 e6 3. d3 a6 4. Nbd2 b5 5. g3 Bb7 6. Bg2 Nf6 7. O-O Be7 8.
Re1 d6 9. a4 O-O 10. c3 Nc6 11. Qe2 h6 12. h4 Qc7 13. Nf1 d5 14. e5 Nd7 15.
h5 Ndxe5 16. Nxe5 Nxe5 17. Qxe5 Bd6 18. Qe2 b4 19. Qg4 Kh8 20. f4 bxc3 21.
bxc3 f5 22. Qe2 Rae8 23. d4 c4 24. Nd2 Qf7 25. a5 g6 26. Kf2 gxh5 27. Rh1
Qg6 28. Qxh5 Qxh5 29. Rxh5 Kh7 30. Nf3 Kg6 31. Rh1 Rg8 32. Ba3 Bc7 33. Bc5
Bc8 34. Ne5+ Kh7 35. Bf3 Rg7 36. Bb4 Reg8 37. Rh3 Bxe5 38. dxe5 Bd7 39. Rah1
Rg6 40. Bh5 R6g7 41. Bf3 Rg6 42. Be7 Kg7 43. Bh5 Kf7 {Black resigns} 1-0